 Dungeon Crawl Stone Soup version 0.28.0-53-g5a82cb258f (webtiles) character file.

Game seed: 12703381170867465615

8089 Jerry the Covert (level 11, -42/58 HPs)
             Began as a Vine Stalker Fighter on July 1, 2022.
             Was an Initiate of Gozag.
             Killed from afar by an ice dragon (48 damage)
             ... with a blast of cold
             ... on level 1 of the Lair of Beasts on July 4, 2022.
             The game lasted 00:33:34 (8760 turns).

Jerry the Covert (Vine Stalker Fighter)             Turns: 8760, Time: 00:33:35

Health: -42/58     AC: 14    Str: 26    XL:     11   Next: 25%
Magic:  0/12       EV: 15    Int:  8    God:    Gozag
Gold:   624        SH:  5    Dex: 17    Spells: 10/10 levels left

rFire   . . .      SeeInvis .   E - +4 dagger (venom)
rCold   . . .      Faith    .   c - +0 buckler
rNeg    . . .      Spirit   +   d - +1 steam dragon scales
rPois   .          Reflect  .   r - +2 hat
rElec   .          Harm     .   (no cloak)
rCorr   .          Rampage  .   e - +2 pair of gloves
Will    +....                   l - +0 pair of boots
Stlth   ++++......              G - amulet of magic regeneration
HPRegen 0.99/turn               x - +6 ring of strength
MPRegen 0.53/turn               (no ring)

@: no status effects
A: fangs 3, regeneration 1, magic shield, antimagic bite, no potion heal 2
a: Renounce Religion, Potion Petition, Call Merchant, Bribe Branch


You were on level 1 of the Lair of Beasts.
You worshipped Gozag.
Gozag was pleased with you.
You visited 3 branches of the dungeon, and saw 10 of its levels.
You also visited: Bailey.

You collected 735 gold pieces.
You paid 111 gold pieces to Gozag.

Inventory:

Hand Weapons
 a - a +1 rapier of venom
 E - a +4 dagger of venom (weapon)
Missiles
 f - 15 poisoned darts (quivered)
Armour
 c - a +0 buckler (worn)
 d - +1 steam dragon scales (worn)
 e - a +2 pair of gloves (worn)
 l - a +0 pair of boots (worn)
 r - a +2 hat (worn)
Jewellery
 x - a +6 ring of strength (left hand)
 C - a ring of poison resistance
 G - an amulet of magic regeneration (around neck)
Wands
 k - a wand of iceblast (39)
 q - a wand of charming (11)
 s - a wand of flame (14)
 D - a wand of polymorph (2)
Scrolls
 b - a scroll of fog
 g - a scroll of immolation
 j - a scroll of blinking
 m - 3 scrolls of fear
 n - 4 scrolls of teleportation
 w - a scroll of silence
 y - 2 scrolls of enchant weapon
 B - 7 scrolls of identify
 H - a scroll of magic mapping
Potions
 h - 2 potions of flight
 i - 2 potions of heal wounds
 o - 5 potions of degeneration
 p - 2 potions of mutation
 t - a potion of curing
 u - 2 potions of magic
 v - a potion of cancellation {unknown}
 z - a potion of resistance {unknown}
 A - a potion of berserk rage {unknown}
 F - a potion of attraction {unknown}
 I - a potion of brilliance {unknown}


   Skills:
 + Level 7.4 Fighting
 + Level 7.1 Short Blades
 + Level 6.8 Armour
 + Level 6.1 Dodging
 + Level 9.8 Stealth
 - Level 4.0 Shields


You had 10 spell levels left.
You didn't know any spells.
Your spell library contained the following spells:

 Spells                   Type           Power      Damage    Failure   Level
 Magic Dart               Conj           0%         1d3       50%         1
 Corpse Rot               Necr/Air       0%         N/A       63%         2
 Ensorcelled Hibernation  Hex/Ice        0%         N/A       63%         2
 Scorch                   Fire           0%         2d5       63%         2
 Searing Ray              Conj           0%         2d4       63%         2
 Ozocubu's Armour         Ice            0%         N/A       86%         3
 Spider Form              Tmut/Pois      0%         N/A       86%         3
 Anguish                  Hex/Necr       0%         N/A       99%         4
 Animate Dead             Necr           0%         N/A       99%         4
 Dispel Undead            Necr           0%         3d6       99%         4
 Flame Wave               Conj/Fire      0%         2d4       99%         4
 Fulminant Prism          Conj/Hex       0%         3d6       99%         4
 Petrify                  Tmut/Erth      0%         N/A       99%         4
 Metabolic Englaciation   Hex/Ice        0%         N/A       100%        5
 Death Channel            Necr           0%         N/A       100%        6
 Simulacrum               Ice/Necr       0%         N/A       100%        6
 Statue Form              Tmut/Erth      0%         N/A       100%        6
 Summon Cactus Giant      Summ           0%         N/A       100%        6
 Haunt                    Necr/Summ      0%         N/A       100%        7
 Infestation              Necr           0%         N/A       100%        8


Dungeon Overview and Level Annotations

Branches:
Dungeon (8/15)             Temple (1/1) D:7            Lair (1/6) D:8
 Bailey (visited)

Altars:
Ashenzari
Cheibriados
Dithmenos
Elyvilon
Fedhas
Gozag
Hepliaklqana
Kikubaaqudgha
Makhleb
Nemelex Xobeh
Okawaru
Qazlal
Ru
Sif Muna
Trog
Uskayaw
Vehumet
Wu Jian
Xom
Yredelemnul
Zin
The Shining One

Shops:
D:7 (

Annotations:
D:4 3 runed translucent doors, kalagan's ghost, amateur DECj


Innate Abilities, Weirdness & Mutations

You have razor-sharp teeth.
Your natural rate of healing is unusually fast.
When hurt, damage is shared between your health and your magic reserves.
Your bite disrupts and absorbs the magic of your enemies.
Potions cannot restore your health.


Message History

The wolf bites you but does no damage.
The rime drake bites you but does no damage.
The ice encasing you melts away. The wolf bites you.
Okay, then.
As you read the scroll of teleportation, it crumbles to dust.
You feel strangely unstable. The wolf barely misses you.
The polar bear bites you. The polar bear closely misses you.
The polar bear claws you.
Your surroundings suddenly seem different.
The ice dragon roars deafeningly!
You hear an angry growl.
The ice dragon breathes frost at you. The blast of cold misses you.
You hear a bellow!
You hear an angry growl.
You hear an angry hiss.
You throw a poisoned dart.
The poisoned dart closely misses the ice dragon.
You throw a poisoned dart. The poisoned dart hits the ice dragon.
You hit the ice dragon.
The ice dragon is lightly wounded.
You completely miss the ice dragon.
The ice dragon is lightly wounded.
The ice dragon barely misses you. The ice dragon misses you.
The ice dragon closely misses you.
You hit the ice dragon but do no damage.
You bite the ice dragon, but do no damage.
The ice dragon is lightly wounded.
The ice dragon bites you! The ice dragon claws you.
You block the ice dragon's attack. The ice dragon breathes frost at you.
The blast of cold hits you!!!
Ouch! That really hurt!
* * * LOW HITPOINT WARNING * * *
You hear an angry hiss.
You hear an angry growl.
You are too injured to fight recklessly!
Unknown command.
The ice dragon breathes frost at you. The blast of cold hits you!!!
Ouch! That really hurt!
You die...
Your body crumbles into a pile of gold.

...................P.....#......#
..............###.###........(..#
..............###.###.....[......
..#............##......#.#.......
..#....................##........
......................###...#....
..........#.......(#..........>..
...............................#.
................@...D....(.(##...
........................#....#..h
.................###....###......
........##....#.## #.#..##.#....#
...#...#.#..P##.# ########....##
....#...#.....### ######
...P#.........## .............#.#
..............##


You could see an ice dragon (catching breath).

Vanquished Creatures
  2 vault guards (Bailey)
  Pikel (D:7)
  2 black mambas (Lair:1)
  A cane toad (Lair:1)
  2 komodo dragons
  Maggie (D:7)
  2 polar bears (Lair:1)
  Prince Ribbit (D:7)
  A blink frog (Bailey)
  4 humans (Bailey)
  A steam dragon (D:8)
  5 water moccasins
  An orc warrior (D:7)
  2 ice beasts (D:7)
  A sky beast (D:5)
  A black bear (D:5)
  2 ogres
  A phantom (D:5)
  A centaur (D:7)
  A lemure (D:7)
  2 kobold brigands
  10 bullfrogs
  A scorpion (D:5)
  A wyvern skeleton (D:5)
  2 water moccasin skeletons
  2 centaur zombies
  A bullfrog zombie (D:5)
  3 hounds
  3 jellies
  5 orc priests
  A centaur skeleton (D:7)
  4 hell rats (Lair:1)
  4 iguanas
  6 orc wizards
  A killer bee zombie (D:6)
  A gnoll (D:1)
  4 adders
  2 shadow imps
  A white imp (D:6)
  2 ufetubi
  An adder zombie (D:5)
  A worm (D:3)
  2 dart slugs
  25 orcs
  5 endoplasms
  A giant cockroach (D:3)
  14 goblins
  9 hobgoblins
  9 jackals
  4 quokkas
  5 ball pythons
  4 bats
  5 frilled lizards
  13 kobolds
  4 rats
191 creatures vanquished.

Vanquished Creatures (others)
  A bullfrog (Bailey)
  A plant (D:8)
2 creatures vanquished.

Grand Total: 193 creatures vanquished

Notes
Turn   | Place    | Note
-------+----------+-------------------------------------------
     0 | D:1      | Jerry the Vine Stalker Fighter began the quest for the Orb.
     0 | D:1      | Reached XP level 1. HP: 11/11 MP: 2/2
   130 | D:1      | Reached XP level 2. HP: 11/16 MP: 1/3
   385 | D:1      | Reached skill level 1 in Stealth
   710 | D:1      | Reached XP level 3. HP: 6/19 MP: 4/4
  1090 | D:1      | Found a faded altar of an unknown god.
  1986 | D:3      | Gained mutation: Your natural rate of healing is unusually
                  | fast. [Vine Stalker growth]
  1986 | D:3      | Reached XP level 4. HP: 24/24 MP: 5/5
  2075 | D:3      | Reached skill level 2 in Stealth
  2082 | D:3      | Reached skill level 1 in Dodging
  2099 | D:3      | Reached XP level 5. HP: 25/28 MP: 3/6
  2727 | D:4      | Found a runed translucent gate.
  2727 | D:4      | Noticed a kobold brigand
  2727 | D:4      | Noticed kalagan's ghost (amateur DECj)
  2728 | D:4      | Found a runed translucent gate.
  2735 | D:4      | Found a runed translucent gate.
  2871 | D:4      | Noticed an ogre
  2889 | D:4      | Reached XP level 6. HP: 26/32 MP: 7/7
  2909 | D:4      | Reached skill level 3 in Stealth
  3616 | D:5      | Entered Level 5 of the Dungeon
  3680 | D:5      | Noticed a sky beast
  3787 | D:5      | Reached XP level 7. HP: 31/37 MP: 8/8
  4021 | D:5      | Reached skill level 4 in Stealth
  4569 | D:5      | Gained mutation: You have razor-sharp teeth. [Vine Stalker
                  | growth]
  4569 | D:5      | Reached XP level 8. HP: 36/42 MP: 7/9
  4894 | D:6      | Reached skill level 5 in Stealth
  5768 | D:7      | Reached skill level 5 in Fighting
  5827 | D:7      | Reached skill level 6 in Stealth
  5827 | D:7      | Reached XP level 9. HP: 40/47 MP: 10/10
  5833 | D:7      | Found a flagged portal.
  5861 | D:7      | Noticed Pikel
  5870 | D:7      | Killed Pikel
  5871 | D:7      | Reached skill level 5 in Short Blades
  5880 | D:7      | Reached skill level 5 in Armour
  5933 | Bailey   | Entered a bailey
  5971 | Bailey   | Reached skill level 7 in Stealth
  6070 | Bailey   | Noticed a vault guard
  6094 | Bailey   | Killed a vault guard
  6095 | Bailey   | Reached XP level 10. HP: 30/53 MP: 4/11
  6111 | Bailey   | Reached skill level 5 in Dodging
  6111 | Bailey   | Reached skill level 8 in Stealth
  6158 | Bailey   | Noticed a vault guard
  6171 | Bailey   | Killed a vault guard
  6280 | D:7      | Found a staircase to the Ecumenical Temple.
  6282 | D:7      | Found Meqim's Weapon Emporium.
  6300 | Temple   | Entered the Ecumenical Temple
  6355 | Temple   | Became a worshipper of Gozag Ym Sagoz the Greedy
  6508 | D:7      | Noticed Prince Ribbit
  6521 | D:7      | Killed Prince Ribbit
  6623 | D:7      | Noticed Maggie
  6772 | D:7      | Killed Maggie
  7171 | D:8      | Found a staircase to the Lair.
  7494 | D:8      | Found a hide-covered altar of Uskayaw.
  7776 | D:8      | Reached skill level 9 in Stealth
  7797 | Lair:1   | Entered Level 1 of the Lair of Beasts
  8000 | Lair:1   | Reached XP level 11. HP: 55/57 MP: 12/12
  8636 | Lair:1   | Noticed an ice dragon
  8658 | Lair:1   | Noticed a death yak
  8755 | Lair:1   | HP: 1/58 [ice dragon/blast of cold (49)]
  8760 | Lair:1   | Killed from afar by an ice dragon

Illustrated notes

Levels and vault maps discovered:
D:1:      tarquinn_simple_flora_water_b, layout_rooms,
          shapermc_ecumenical_altar_petra, serial_glass, glass_columns_c,
          glass_columns_a, minmay_strange_pillars, feat_on_display
D:2:      layout_loops_ring
D:3:      layout_basic
D:4:      layout_loops_corners, gammafunk_ghost_nasty_kobolds,
          ebering_dispersal_statue_hall, minmay_surrounded
D:5:      black_bear_nest_2, layout_layer_cave, hangedman_decor_diamond_cutter,
          due_unseen_surprise
D:6:      layout_basic, st_stairs_4
D:7:      layout_cave_pools, minmay_temple_entry_offerings, enter_bailey_5,
          serial_shops, shop, uniq_prince_ribbit1, uniq_pikel, uniq_maggie
D:8:      layout_loops_cross, nicolae_uskayaw_dance_studio, david_lair_shrubbed
Temple:   grunt_wide_crystal_templ
Lair:1:   dreamdust_isle_of_ice, layout_cave_shapes

Skill      XL: |  1  2  3  4  5  6  7  8  9 10 11 |
---------------+----------------------------------+-----
Stealth        | 1 2 3 4 6 7 9 |  9.8
Short Blades   | 2 3 4 5 6 7 |  7.1
Fighting       | 3 4 5 6 7 |  7.4
Shields        | 3 4 |  4.0
Dodging        | 1 2 3 4 5 6 |  6.1
Armour         | 3 4 5 6 |  6.8

Action                   |  1- 3 |  4- 6 |  7- 9 | 10-12 || total
-------------------------+-------+-------+-------+-------++-------
Melee: Rapier            |    95 |   134 |   283 |    96 ||   608
       Bite              |    15 |    42 |    69 |    86 ||   212
       Dagger            |       |       |       |   135 ||   135
Throw: Dart              |       |       |       |     7 ||     7
Evoke: Wand              |       |       |     2 |     1 ||     3
  Use: Scroll            |       |       |    12 |    10 ||    22
       Potion            |       |       |       |     3 ||     3
 Stab: Sleeping          |       |       |     3 |     9 ||    12
       Distracted        |       |       |     1 |     1 ||     2
Armor: Scale mail        |    36 |    69 |    95 |       ||   200
       Robe              |       |       |    21 |    21 ||    42
       Steam dragon scal |       |       |       |    54 ||    54
Dodge: Dodged            |    42 |    57 |   149 |   105 ||   353
Block: Buckler           |    27 |    30 |    73 |    38 ||   168
